 Dungeon Crawl Stone Soup version 0.21-a0-221-gfe971b9 (webtiles) character file.

31 Gorglomux the Digger (level 3, 0/30 HPs)
             Began as a Hill Orc Earth Elementalist on Aug 26, 2017.
             Slain by an adder (4 damage)
             ... on level 2 of the Dungeon.
             The game lasted 00:02:00 (1340 turns).

Gorglomux the Digger (Hill Orc Earth Elementalist)  Turns: 1340, Time: 00:02:02

Health: 0/30       AC:  4    Str: 11    XL:     3   Next: 22%
Magic:  5/5        EV:  8    Int: 15    God:
Gold:   90         SH:  7    Dex: 11    Spells: 4/5 levels left

rFire    . . .     SeeInvis .   j - +0 whip
rCold    . . .     Gourm    .   o - +0 shield
rNeg     . . .     Faith    .   h - +0 leather armour (curse)
rPois    .         Spirit   .   (no helmet)
rElec    .         Reflect  .   (no cloak)
rCorr    .         Harm     .   (no gloves)
MR       .....                  k - +0 pair of boots
Stlth    +.........             (no amulet)
HPRegen  0.10/turn              (no ring)
MPRegen  0.09/turn              (no ring)

@: lethally poisoned (0 -> -4)
A: no striking features
a: no special abilities


You were on level 2 of the Dungeon.
You were hungry.

You visited 1 branch of the dungeon, and saw 2 of its levels.

You collected 90 gold pieces.

Inventory:

Hand Weapons
 j - a +0 whip (weapon)
Missiles
 b - 39 stones (quivered)
Armour
 h - a cursed +0 leather armour (worn)
 k - a +0 pair of boots (worn)
 o - a +0 shield (worn)
Jewellery
 s - an uncursed ring of stealth {unknown}
Scrolls
 l - 2 scrolls of teleportation {unknown}
 t - 2 scrolls of identify {unknown}
Potions
 f - a potion of might {unknown}
 n - 2 potions of resistance {unknown}
 p - a potion of degeneration {unknown}
 r - a potion of lignification {unknown}
Books
 e - a book of Geomancy

   Spells                             Type                      Level
   a - Sandblast                      Earth                        1
   b - Passwall                       Transmutation/Earth          2
   c - Stone Arrow                    Conjuration/Earth            3
   d - Petrify                        Transmutation/Earth          4
   e - Lee's Rapid Deconstruction     Earth                        5
Comestibles
 d - 2 bread rations
 g - 3 fruits


   Skills:
 + Level 2.9 Fighting
 - Level 1.5 Dodging
 - Level 1.5 Stealth
 + Level 1.0 Shields
 - Level 1.5 Spellcasting
   Level 0.6 Transmutations
 - Level 3.0 Earth Magic


You had 4 spell levels left.
You knew the following spells:

 Your Spells              Type           Power        Failure   Level  Hunger
a - Sandblast             Erth           ##....       50%         1    ##.....


Dungeon Overview and Level Annotations

Branches:
Dungeon (2/15)

Altars:


Message History

You are too injured to fight recklessly!!!
You butt the adder, causing immense pain!
The adder is almost dead!
You feel sick! The adder bites you! * * * don't die
* * * You block the adder's attack!
You closely miss the adder!
The adder is almost dead! * * * don't die
* * * You feel sick!
You block the adder'butts attack!
You closely miss the adder!
The adder is almost dead!
The adder bites you but does no damage!
You punish the adder, causing immense pain!
The adder is almost dead! * * * butt't die
* * * You feel sick!
The adder bites you! * * * don't die
* * * The adder bites you! rip

#...### ##.####
#....# +# ####.#
.##### #.#####
...... #.#...##
##......
#......###...###..
##.......#(........
#.#.......#@...##.
#..........S...#
#.........##.###
##.......## ...
##.....## .###
##...## .. ##### ##


You could see an adder.

Vanquished Creatures
  A dart slug (D:1)
  A leopard gecko (D:1)
  3 giant cockroaches (D:1)
  A goblin (D:1)
  4 hobgoblins (D:1)
  7 bats
  3 frilled lizards (D:1)
  4 kobolds (D:1)
  4 rats (D:1)
28 creatures vanquished.

Notes
Turn   | Place    | Note
-------+----------+-------------------------------------------
     0 | D:1      | Gorglomux the Hill Orc Earth Elementalist began the quest for the Orb.
     0 | D:1      | Reached XP level 1. HP: 14/14 MP: 3/3
    50 | D:1      | Reached skill level 1 in Fighting
   350 | D:1      | Reached XP level 2. HP: 12/24 MP: 0/4
  1011 | D:1      | Reached XP level 3. HP: 23/30 MP: 5/5
  1247 | D:1      | Reached skill level 1 in Shields
  1340 | D:2      | Slain by an adder

Vault maps used:
D:1:      dpeg_arrival_simpleton_c, hangedman_abyss_or_decor_lesser_grid

Skill      XL: |  1  2  3 |
---------------+----------+-----
Fighting       | 1 2 |  2.9
Shields        | 1 |  1.0
Dodging        | |  1.5
Stealth        | |  1.5
Spellcasting   | |  1.5
Transmutations | |  0.6
Earth Magic    | |  3.0

Action                   || total
-------------------------++-------
Melee: Whip              ||   150
       Unarmed           ||     1
 Cast: Sandblast         ||     7
 Stab: Sleeping          ||     3
  Eat: Chunk             ||     1
Armor: Leather armour    ||    65
Dodge: Dodged            ||   107
Block: Shield            ||    50

Table legend:
 A = Spawn XP
 B = Non-spawn XP
 C = Spawn XP percentage of total XP
 D = Spawn monster count
 E = Non-spawn monster count
 F = Spawn count percentage of total count
 G = Total turns spent on level
                    A         B        C        D         E        F      G
               +---------+---------+-------+---------+---------+-------+---------
         Total |       8 |      37 |  17.8 |       5 |      23 |  17.9 |  1340
               +---------+---------+-------+---------+---------+-------+---------
           D:1 |       8 |      35 |  18.6 |       5 |      22 |  18.5 |  1269
           D:2 |       0 |       2 |   0.0 |       0 |       1 |   0.0 |    71
               +---------+---------+-------+---------+---------+-------+---------
